 Dungeon Crawl Stone Soup version 0.17.1-3-g152610e (webtiles) character file.

162524 juanjsm the Imperceptible (level 16, 0/84 HPs)
             Began as a Spriggan Enchanter on Apr 6, 2016.
             Was the Champion of Ashenzari.
             Killed from afar by a manticore (13 damage)
             ... with a volley of spikes
             ... on level 4 of the Shoals.
             The game lasted 06:09:22 (37248 turns).

juanjsm the Imperceptible (Spriggan Enchanter)     Turns: 37248, Time: 06:09:23

Health: 0/84       AC:  8    Str:  4    XL:     16   Next: 96%
Magic:  21/32      EV: 32    Int: 23    God:    Ashenzari [******]
Gold:   1859       SH: 10    Dex: 17    Spells: 9 memorised, 11 levels left

rFire  + + .     SeeInvis +     U - +8 dagger (venom) (curse)
rCold  + . .     Clarity  +     T - +1 robe {rC+ rF+} (curse)
rNeg   . . .     SustAt   .     a - +1 buckler {rF+} (curse)
rPois  +         Gourm    .     I - +2 hat (curse)
rElec  .         Spirit   .     h - +2 cloak {MR+} (curse)
rCorr  .         Warding  .     (gloves unavailable)
rMut   .         Stasis   .     (boots unavailable)
MR     +++..                    (no amulet)
Stlth  ++++++++++               y - ring of poison resistance (curse)
                                E - ring of invisibility (curse)

@: manticore barbs, very quick, extremely resistant to hostile enchantments,
uncannily stealthy
A: unfitting armour, see invisible, herbivore 3, speed 3, slow metabolism 2
a: Scrying, Transfer Knowledge, Renounce Religion, Evoke Invisibility
}: 1/15 runes: barnacled


You were on level 4 of the Shoals.
You worshipped Ashenzari.
Ashenzari was exalted by your worship.
You were hungry.

You visited 5 branches of the dungeon, and saw 32 of its levels.
You visited 1 bazaar.
You also visited: Labyrinth and Ossuary.

You collected 3209 gold pieces.
You spent 1350 gold pieces at shops.

Inventory:

Hand Weapons
 U - a cursed +8 dagger of venom (weapon)
Armour
 a - a cursed +1 buckler of fire resistance (worn)
 b - a +0 fire dragon armour
 h - a cursed +2 cloak of magic resistance (worn)
 I - a cursed +2 hat (worn)
 T - a cursed +1 robe of resistance (worn)
Jewellery
 g - an uncursed amulet of stasis
 y - a cursed ring of poison resistance (right hand)
 E - a cursed ring of invisibility (left hand)
 J - an uncursed ring of protection from cold
Wands
 r - a wand of teleportation (7)
 v - a wand of draining (7)
 A - a wand of fire (15)
 D - a wand of lightning (8)
 R - a wand of digging (15)
 S - a wand of polymorph (15)
Scrolls
 c - 3 scrolls of silence
 f - 5 scrolls of recharging
 i - 10 scrolls of amnesia
 k - 2 scrolls of curse jewellery
 l - 2 scrolls of fog
 p - a scroll of curse weapon
 q - a scroll of blinking
 u - 3 scrolls of fear
 w - 5 scrolls of magic mapping
 F - 3 scrolls of vulnerability
 G - 8 scrolls of identify
 K - 8 scrolls of remove curse
 O - 7 scrolls of teleportation
Potions
 e - 3 potions of agility
 j - a potion of curing
 m - 4 potions of haste
 n - a potion of resistance
 o - 4 potions of brilliance
 s - a potion of cancellation
 t - 3 potions of invisibility
 x - a potion of berserk rage
 z - 2 potions of lignification
 C - 2 potions of magic
 H - a potion of mutation
 P - a potion of might
Books
 L - a Young Poisoner's Handbook

   Spells                             Type                      Level
   a - Sting                          Conjuration/Poison           1
   b - Cure Poison                    Poison                       2
   c - Mephitic Cloud                 Conjuration/Poison/Air       3
   d - Olgreb's Toxic Radiance        Poison                       4
   e - Venom Bolt                     Conjuration/Poison           5
 V - a book of Party Tricks

   Spells                             Type                      Level
   a - Summon Butterflies             Summoning                    1
   b - Apportation                    Translocation                1
   c - Tukima's Dance                 Hexes                        3
   d - Alistair's Intoxication        Transmutation/Poison         4
   e - Invisibility                   Hexes                        6
Miscellaneous
 M - a plain deck of wonders {the Mercenary}
 Q - a sack of spiders
 W - an ornate deck of changes {Dowsing, drawn: 1}
 X - a fan of gales
 Y - a box of beasts
Comestibles
 d - 5 bread rations


   Skills:
 * Level 9.6 Fighting
 + Level 9.6(13.9) Short Blades
 * Level 12.6(16.7) Dodging
 * Level 23.1(26.4) Stealth
 + Level 6.1(9.2) Shields
 + Level 11.8 Spellcasting
 * Level 5.9(9.0) Conjurations
 + Level 11.4(14.1) Hexes
 + Level 9.1(12.0) Transmutations
 + Level 4.4(7.3) Ice Magic
 * Level 6.1(9.2) Air Magic
 + Level 0.1(0.5) Earth Magic
 + Level 6.1(9.2) Evocations


You had 11 spell levels left.
You knew the following spells:

 Your Spells              Type           Power        Failure   Level  Hunger
a - Corona                Hex            ######.      0%          1    None
b - Ensorcelled Hibernat  Hex/Ice        ######       1%          2    None
c - Confuse               Hex            ######..     1%          3    None
d - Dazzling Spray        Conj/Hex       ######..     1%          3    None
e - Stoneskin             Trmt/Erth      #####...     1%          2    None
f - Silence               Hex/Air        ######....   1%          5    ####...
g - Cause Fear            Hex            ######....   1%          4    None
h - Invisibility          Hex            ######..     1%          6    #####..
i - Apportation           Tloc           ###.......   4%          1    None


Dungeon Overview and Level Annotations

Branches:
Dungeon (15/15)            Temple (1/1) D:5            Lair (8/8) D:11
 Shoals (4/4) Lair:3        Snake (0/4) Lair:4        Slime (0/6) Lair:7
    Orc (4/4) D:9             Elf (0/3) Orc:3        Vaults (0/5) D:13
 Depths (0/5) D:15

Altars:
Ashenzari
Cheibriados
Elyvilon
Fedhas
Gozag
Kikubaaqudgha
Makhleb
Nemelex Xobeh
Okawaru
Ru
Sif Muna
Trog
Xom
Yredelemnul
Zin
The Shining One
Beogh

Shops:
D:9 [   Orc:3 *   Orc:4 ([?[

Annotations:
D:4 imbaray's ghost, amateur MiFi
D:5 1 exclusion
D:8 Gastronok
D:15 exclusion: fire giant
Lair:7 1 exclusion
Shoals:1 Nikola
Shoals:4 Tobisume's ghost, adept DsBe


Innate Abilities, Weirdness & Mutations

You are tiny and cannot use many weapons and most armour.
You have supernaturally acute eyesight.
You are a herbivore.
You cover ground extremely quickly.
You need consume almost no food.


Message History

You are unaffected.
You block the manticore's attack. The manticore closely misses you.
You block the manticore's attack. The drowned soul touches you.
The drowned soul drowns you!
* * * LOW HITPOINT WARNING * * *
Drink which item? (? for menu, Esc to quit)
You feel better. The drowned soul touches you. The drowned soul drowns you!
* * * LOW HITPOINT WARNING * * *
The merfolk avatar chants a haunting song.
You are unaffected.
The manticore misses you. The manticore closely misses you.
The manticore completely misses you.
Drink which item? (? for menu, Esc to quit)
You feel better. The manticore completely misses you.
The manticore barely misses you. The manticore completely misses you.
The manticore flicks its tail.
The volley of spikes misses you.
The drowned soul returns to the deep!
The manticore flicks its tail.
The volley of spikes hits you!
The barbed spikes become lodged in your body.
You die...

≈≈.........≈≈≈≈≈≈.##......... ≈
≈≈≈.≈≈≈......≈≈≈≈≈.##......... ≈
≈≈≈≈≈≈≈≈.......≈≈≈.##...!.....
≈≈≈≈≈≈≈≈mH.....≈≈≈........[... ≈≈
≈≈≈≈≈≈≈≈≈....PP.≈#≈#≈.........
≈≈≈≈≈≈≈≈≈†...PP≈#≈≈≈#≈....[/.[
≈≈≈≈≈≈≈≈≈≈.....PP#≈≈≈≈≈#.)....÷.
≈ ≈≈≈.≈≈≈........≈≈≈≈≈≈≈......(.
≈ ≈≈≈..........@.#≈≈≈≈≈#..[(....
≈≈≈............≈#≈≈≈#≈....(...
≈≈≈≈P...........≈#≈#≈≈(.(..... ≈
≈≈≈≈P..P.[......P..P..[......(
≈≈≈P≈P≈.PP.P...≈≈≈P≈≈P≈.(....(.
≈≈ ≈≈≈≈≈P≈≈≈≈.≈≈P≈≈PP≈≈≈≈≈≈....(≈
≈≈≈≈≈≈≈≈≈≈≈P≈≈≈≈≈≈≈≈≈≈≈≈≈≈≈≈..≈≈≈
≈ ≈≈≈≈≈≈≈≈≈.≈≈≈≈≈≈≈≈≈≈≈≈≈≈≈≈≈≈≈≈≈
≈≈≈≈≈≈≈≈≈≈≈≈≈≈≈≈≈≈≈≈≈≈≈≈≈≈≈≈≈≈≈


You could see a merfolk avatar and a manticore.

Vanquished Creatures
  Saint Roka (Orc:4)
  Ilsuiw (Shoals:4)
  Maud (Lair:5)
  An orc warlord (Orc:2)
  Louise (D:15)
  4 merfolk javelineers (Shoals:4)
  A minotaur (Lab)
  8 merfolk impalers
  Josephine (Lair:8)
  6 hydras
  2 ice dragons
  The ghost of bollicks1999 the Basher, a journeyman MiFi of the Shining One (D:11)
  2 merfolk avatars (Shoals:4)
  3 alligator snapping turtles (Shoals:4)
  A catoblepas (Lair:7)
  4 merfolk aquamancers
  A centaur warrior (D:15)
  5 satyrs
  2 ogre magi
  5 death yaks (Lair:8)
  3 tengu warriors
  2 orc high priests (Orc:4)
  A skeletal warrior (D:13)
  An unseen horror (D:15)
  9 sea snakes
  17 harpies
  7 oklob plants
  3 lindwurms
  A wolf spider zombie (D:15)
  5 hill giants
  7 fauns (Shoals:2)
  3 ugly things
  2 orc knights
  2 orc sorcerers (Orc:4)
  A cyclops (D:15)
  10 griffons
  10 black mambas (Lair:4)
  3 water nymphs (Shoals:4)
  3 centaur zombies
  4 sirens
  6 manticores
  5 elephants (Lair:4)
  Joseph (D:7)
  14 spiny frogs
  3 gargoyles (D:15)
  An ice statue (Lair:7)
  6 torpor snails (Lair:8)
  A kobold demonologist (D:13)
  6 komodo dragons
  3 fire drakes
  3 tengu conjurers (D:14)
  36 merfolk
  7 trolls
  5 two-headed ogres
  8 polar bears
  3 giant leeches (Lair:8)
  3 wind drakes
  2 freezing wraiths
  A queen bee (D:9)
  Prince Ribbit (D:9)
  2 boulder beetles
  5 snapping turtles
  9 slime creatures
  7 blink frogs
  5 water elementals
  3 wyverns
  A centaur simulacrum (D:14)
  5 wraiths
  5 deep elf magi
  3 basilisks
  A shadow (D:15)
  49 yaks
  10 hippogriffs
  3 hungry ghosts
  2 mottled dragons
  4 vampire mosquitoes (D:15)
  Menkaure (D:5)
  18 wolves
  12 porcupines
  13 water moccasins
  A warg (Orc:2)
  2 sky beasts
  34 orc warriors
  7 phantoms
  A black bear (D:8)
  8 ice beasts
  An eye of draining (D:9)
  4 wasps
  9 centaurs
  12 ogres
  33 crocodiles
  A big kobold (shapeshifter) (D:14)
  6 big kobolds
  4 brain worms
  3 gnoll sergeants (D:9)
  28 giant frogs
  20 killer bees
  2 wyvern skeletons
  4 scorpions
  A water moccasin skeleton (D:6)
  5 wights (D:14)
  4 electric eels
  7 crimson imps
  2 giant frog zombies
  4 quasits
  8 jellies
  8 hounds
  26 orc priests
  Ijyb (D:2)
  10 iguanas
  4 centaur skeletons
  18 orc wizards
  11 worker ants
  2 giant frog skeletons
  11 hell rats
  44 sheep
  2 mummies (D:5)
  10 gnolls
  27 river rats
  13 adders
  3 shadow imps
  2 white imps (Lair:7)
  3 oozes
  2 adder zombies
  19 worms
  2 adder skeletons
  15 giant geckos
  153 orcs
  2 giant cockroaches
  7 goblins
  4 hobgoblins
  11 jackals
  7 quokkas
  5 ball pythons
  4 bats
  A giant gecko zombie (D:4)
  11 giant newts
  3 hobgoblin zombies (Ossuary)
  13 kobolds
  10 kobold zombies (Ossuary)
  8 orc zombies (Ossuary)
  A quokka skeleton (D:4)
  9 rats
  A fungus (Lair:7)
1112 creatures vanquished.

Vanquished Creatures (collateral kills)
  An orc warrior (D:9)
  A gnoll sergeant (D:9)
  A killer bee (D:9)
  A gnoll (D:9)
4 creatures vanquished.

Vanquished Creatures (others)
  A merfolk javelineer (Shoals:4)
  A water nymph (Shoals:4)
  A water elemental (Shoals:1)
  18 fungi
  25 plants
  8 tentacles
  210 tentacle segments
264 creatures vanquished.

Grand Total: 1380 creatures vanquished

Notes
Turn   | Place    | Note
--------------------------------------------------------------
     0 | D:1      | juanjsm the Spriggan Enchanter began the quest for the Orb.
     0 | D:1      | Reached XP level 1. HP: 9/9 MP: 5/5
   576 | D:1      | Reached XP level 2. HP: 13/13 MP: 6/6
   580 | D:1      | Learned a level 2 spell: Ensorcelled Hibernation
   669 | D:2      | Found a bloodstained altar of Trog.
   727 | D:2      | Noticed Ijyb
   885 | D:2      | Found an iron altar of Okawaru.
  1085 | D:2      | Found a faded altar to an unknown god.
  1157 | D:2      | Reached skill level 5 in Stealth
  1157 | D:2      | Reached XP level 3. HP: 15/17 MP: 2/8
  1162 | D:2      | Learned a level 3 spell: Confuse
  1227 | D:2      | Killed Ijyb
  1227 | D:2      | Reached skill level 1 in Fighting
  1663 | D:3      | Reached XP level 4. HP: 22/22 MP: 9/9
  2093 | D:3      | Found a white marble altar of Elyvilon.
  2117 | D:3      | Reached XP level 5. HP: 25/25 MP: 0/11
  2604 | D:3      | Learned a level 3 spell: Dazzling Spray
  2965 | D:4      | Found an ancient bone altar of Kikubaaqudgha.
  3096 | D:4      | Noticed imbaray's ghost (amateur MiFi)
  3334 | D:4      | Found a sacrificial altar of Ru.
  3334 | D:4      | Noticed a phantom
  3335 | D:4      | Found an opulent altar of Gozag.
  3351 | D:4      | HP: 1/26 [phantom (9)]
  3354 | D:4      | Killed a phantom
  3354 | D:4      | Reached skill level 6 in Stealth
  3354 | D:4      | Reached XP level 6. HP: 1/30 MP: 1/12
  3859 | D:5      | Entered Level 5 of the Dungeon
  3891 | D:5      | Reached skill level 5 in Hexes
  3906 | D:5      | Found a staircase to the Ecumenical Temple.
  3944 | D:5      | Reached skill level 1 in Ice Magic
  3944 | D:5      | Reached XP level 7. HP: 18/35 MP: 5/14
  3953 | D:5      | Noticed Menkaure
  3989 | Temple   | Entered the Ecumenical Temple
  3998 | Temple   | Became a worshipper of Ashenzari the Shackled
  4012 | D:5      | Found a sand-covered staircase.
  4024 | Ossuary  | Entered an ossuary
  4928 | D:5      | Reached skill level 7 in Stealth
  5165 | D:5      | Killed Menkaure
  5312 | D:6      | Reached skill level 5 in Spellcasting
  5312 | D:6      | Reached XP level 8. HP: 38/40 MP: 13/16
  5754 | D:6      | Reached skill level 8 in Stealth
  5895 | D:6      | Reached * piety under Ashenzari
  6056 | D:7      | Reached skill level 5 in Short Blades
  6069 | D:7      | Noticed Joseph
  6078 | D:7      | Killed Joseph
  6078 | D:7      | Reached skill level 9 in Stealth
  6529 | D:7      | Found a sparkling altar of Nemelex Xobeh.
  6531 | D:7      | Reached XP level 9. HP: 45/45 MP: 14/18
  6688 | D:7      | Reached skill level 5 in Dodging
  7032 | D:8      | Reached skill level 10 in Stealth
  7483 | D:8      | Reached ** piety under Ashenzari
  7838 | D:9      | Noticed Prince Ribbit
  7847 | D:9      | Killed Prince Ribbit
  8039 | D:8      | Noticed Gastronok
  8271 | D:8      | Reached skill level 5 in Fighting
  8445 | D:9      | Reached skill level 11 in Stealth
  8448 | D:9      | Reached XP level 10. HP: 51/51 MP: 20/22
  8557 | D:9      | Found a staircase to the Orcish Mines.
  9296 | D:9      | Reached skill level 1 in Shields
  9342 | D:9      | Found a burning altar of Makhleb.
  9407 | D:9      | Found Xinuahir's Antique Armour Shop.
  9446 | D:10     | Entered Level 10 of the Dungeon
  9494 | D:10     | Reached skill level 12 in Stealth
  9684 | D:10     | Reached *** piety under Ashenzari
 10620 | D:11     | Found a flickering gateway to a bazaar.
 10620 | D:11     | Noticed a purple ugly thing
 10620 | D:11     | Noticed bollicks1999's ghost (journeyman MiFi)
 10625 | Bazaar   | Entered a bazaar
 10763 | Bazaar   | Found Tisofa's Food Shoppe.
 10785 | Bazaar   | Found Kuleum's Antique Weapon Shoppe.
 10785 | Bazaar   | Found Qovina's Jewellery Emporium.
 10806 | Bazaar   | Found Vappa's General Store.
 10806 | Bazaar   | Found Xigenara's Magic Scroll Emporium.
 10842 | Bazaar   | Identified the +1 leather armour of the Stallion {rN+ Dex+4} (You found it on level 5 of the Dungeon)
 10912 | Bazaar   | Bought an uncursed ring of invisibility for 480 gold pieces
 10921 | Bazaar   | Learned a level 2 spell: Stoneskin
 10953 | Bazaar   | Identified a scroll of acquirement
 11150 | Bazaar   | Bought a scroll of identify for 24 gold pieces
 11150 | Bazaar   | Bought a scroll of identify for 24 gold pieces
 11175 | D:11     | Killed a white ugly thing
 11183 | D:11     | Killed bollicks1999's ghost
 11183 | D:11     | Reached skill level 1 in Transmutations
 11183 | D:11     | Reached skill level 1 in Evocations
 11183 | D:11     | Reached XP level 11. HP: 43/56 MP: 22/24
 11200 | D:11     | Noticed a hill giant
 11214 | D:11     | Killed a hill giant
 11245 | D:11     | Noticed a hill giant
 11249 | D:11     | Killed a hill giant
 11249 | D:11     | Reached skill level 13 in Stealth
 11610 | D:11     | Noticed a red ugly thing
 11626 | D:11     | Killed a red ugly thing
 12033 | D:11     | Found a staircase to the Lair.
 12122 | Lair:1   | Entered Level 1 of the Lair of Beasts
 12125 | Lair:1   | Reached **** piety under Ashenzari
 12164 | Lair:1   | Found a labyrinth entrance.
 12315 | Lab      | Entered a labyrinth
 12438 | Lab      | Noticed a minotaur
 12530 | Lab      | Killed a minotaur
 12768 | Lair:1   | Reached XP level 12. HP: 62/62 MP: 17/26
 12816 | Lair:1   | Reached skill level 14 in Stealth
 13202 | Lair:1   | Reached skill level 5 in Transmutations
 13431 | Lair:1   | Noticed a seven-headed hydra
 13447 | Lair:1   | Killed a seven-headed hydra
 13712 | Lair:2   | Identified a +0 rod of the swarm (12/12)
 13735 | Lair:2   | Reached ***** piety under Ashenzari
 13764 | Lair:2   | Learned a level 5 spell: Silence
 14046 | Lair:2   | Found a blossoming altar of Fedhas.
 14345 | Lair:3   | Reached skill level 5 in Evocations
 14380 | Lair:3   | Found a staircase to the Shoals.
 14469 | Lair:3   | Noticed an eight-headed hydra
 14486 | Lair:3   | Killed an eight-headed hydra
 14486 | Lair:3   | Reached skill level 15 in Stealth
 15214 | Lair:4   | Learned a level 4 spell: Cause Fear
 15266 | Lair:4   | Found a staircase to the Snake Pit.
 15327 | Lair:4   | Reached skill level 1 in Conjurations
 15418 | Lair:4   | Reached skill level 16 in Stealth
 15418 | Lair:4   | Reached XP level 13. HP: 64/67 MP: 4/27
 16731 | Lair:3   | You fall through a shaft!
 17833 | Lair:5   | Found a glowing silver altar of Zin.
 18073 | Lair:5   | Reached skill level 10 in Spellcasting
 18228 | Lair:5   | Noticed Maud
 18266 | Lair:5   | Killed Maud
 18266 | Lair:5   | Reached skill level 5 in Shields
 18546 | Lair:6   | Reached skill level 17 in Stealth
 18922 | Lair:6   | Reached skill level 10 in Hexes
 19370 | Lair:7   | Reached skill level 1 in Air Magic
 20411 | Lair:7   | Found a staircase to the Slime Pits.
 20417 | Lair:7   | Reached XP level 14. HP: 72/72 MP: 13/29
 20571 | Lair:8   | Entered Level 8 of the Lair of Beasts
 21248 | Lair:8   | Reached ****** piety under Ashenzari
 21407 | Lair:8   | Reached skill level 18 in Stealth
 21413 | Lair:8   | Noticed Josephine
 21416 | Lair:8   | Killed Josephine
 21464 | Lair:8   | Found a runed door.
 21944 | Lair:8   | Reached skill level 10 in Dodging
 23309 | Orc:1    | Entered Level 1 of the Orcish Mines
 23546 | Orc:2    | Noticed an orc warlord
 23630 | Orc:2    | Killed an orc warlord
 23804 | Orc:3    | Found a staircase to the Elven Halls.
 24109 | Orc:3    | Found Benattoe's Assorted Antiques.
 25055 | Orc:2    | Reached skill level 19 in Stealth
 25192 | Orc:4    | Entered Level 4 of the Orcish Mines
 25238 | Orc:4    | Found a roughly hewn altar of Beogh.
 25280 | Orc:4    | Found Oteugh's Armour Shop.
 25514 | Orc:4    | Found a roughly hewn altar of Beogh.
 25562 | Orc:4    | Found a roughly hewn altar of Beogh.
 25815 | Orc:4    | Found a roughly hewn altar of Beogh.
 25903 | Orc:4    | Found a roughly hewn altar of Beogh.
 25990 | Orc:4    | Found Yrepp's Magic Scroll Boutique.
 25992 | Orc:4    | Found a roughly hewn altar of Beogh.
 26077 | Orc:4    | Found a roughly hewn altar of Beogh.
 26220 | Orc:4    | Found Iraptasch's Antique Armour Boutique.
 26220 | Orc:4    | Found Myuxut's Antique Weapon Shop.
 26220 | Orc:4    | Noticed Saint Roka
 26221 | Orc:4    | Found a roughly hewn altar of Beogh.
 26333 | Orc:4    | Killed Saint Roka
 27012 | Orc:4    | Reached XP level 15. HP: 77/77 MP: 27/30
 27198 | Orc:4    | Bought a runed cloak for 148 gold pieces
 27256 | Orc:4    | Bought a scroll of remove curse for 39 gold pieces
 27256 | Orc:4    | Bought a scroll of identify for 26 gold pieces
 27256 | Orc:4    | Bought a scroll of amnesia for 45 gold pieces
 27256 | Orc:4    | Bought a scroll of identify for 26 gold pieces
 27256 | Orc:4    | Bought a scroll of teleportation for 39 gold pieces
 27256 | Orc:4    | Bought a scroll of fear for 45 gold pieces
 27256 | Orc:4    | Bought a scroll of identify for 26 gold pieces
 27256 | Orc:4    | Bought a scroll of fog for 26 gold pieces
 27256 | Orc:4    | Bought a scroll of amnesia for 45 gold pieces
 27256 | Orc:4    | Bought a scroll of amnesia for 45 gold pieces
 28087 | Orc:3    | Bought a scroll of remove curse for 78 gold pieces
 28087 | Orc:3    | Bought 2 scrolls of remove curse for 156 gold pieces
 28087 | Orc:3    | Bought a scroll of remove curse for 78 gold pieces
 28337 | D:13     | Reached skill level 20 in Stealth
 28835 | D:13     | Found a gate to the Vaults.
 29033 | D:13     | Identified the +3 mace of Cataclysm {vamp, +Inv +Fly rN++ Int-2}
 30162 | D:15     | Entered Level 15 of the Dungeon
 30182 | D:15     | Found a staircase to the Depths.
 30246 | D:15     | Noticed Louise
 30258 | D:15     | Killed Louise
 30315 | D:15     | Reached skill level 21 in Stealth
 30341 | D:15     | Identified the +9 hand crossbow of Purpose {velocity, Str+2}
 30391 | D:15     | Identified the +8 long sword of Noon {antimagic, MP+9 Dex+4}
 31548 | Shoals:1 | Entered Level 1 of the Shoals
 31691 | Shoals:1 | Noticed Nikola
 32443 | Shoals:1 | Noticed a kraken
 32885 | Shoals:2 | Reached XP level 16. HP: 68/83 MP: 32/32
 33134 | Shoals:2 | Reached skill level 5 in Conjurations
 33361 | Shoals:3 | Reached skill level 22 in Stealth
 33371 | Shoals:3 | Reached skill level 5 in Air Magic
 34137 | Shoals:3 | Identified the +6 chain mail "Neasm" {+Inv rF+ MR+ Int-3} (You found it on level 14 of the Dungeon)
 34381 | Shoals:4 | Entered Level 4 of the Shoals
 34407 | Shoals:4 | Noticed Ilsuiw
 34422 | Shoals:4 | Noticed Tobisume's ghost (adept DsBe)
 34441 | Shoals:4 | HP: 4/84 [merfolk/trident (23)]
 34990 | Shoals:4 | Learned a level 6 spell: Invisibility
 35560 | Shoals:4 | Identified the cursed +1 mace of Inconvenience {drain, Int+4}
 35671 | Shoals:4 | Learned a level 1 spell: Apportation
 36266 | Shoals:4 | Killed Ilsuiw
 36880 | Shoals:4 | Got a barnacled rune of Zot
 36914 | Shoals:4 | Reached skill level 23 in Stealth
 37243 | Shoals:4 | HP: 1/84 [drowned by a drowned soul[a merfolk avatar] (17)]
 37248 | Shoals:4 | Killed from afar by a manticore

Action                   |  1- 3 |  4- 6 |  7- 9 | 10-12 | 13-15 | 16-18 || total
-------------------------+-------+-------+-------+-------+-------+-------++-------
Melee: Dagger            |    73 |   127 |   288 |   456 |  1353 |   274 ||  2571
 Cast: Corona            |     8 |     4 |     2 |     5 |     5 |       ||    24
       Ensorcelled Hiber |    19 |    33 |    40 |   117 |   311 |    73 ||   593
       Confuse           |     1 |     6 |    52 |    44 |   140 |    29 ||   272
       Dazzling Spray    |       |     4 |     2 |    12 |    71 |    48 ||   137
       Stoneskin         |       |       |       |       |     2 |     1 ||     3
       Cause Fear        |       |       |       |       |     1 |       ||     1
Invok: Scrying           |       |       |       |     2 |    21 |     3 ||    26
 Abil: Evoke Invisibilit |       |       |       |     3 |    18 |     7 ||    28
       Turn Visible      |       |       |       |     1 |       |       ||     1
Evoke: Wand              |       |       |     1 |    11 |     8 |     5 ||    25
       Deck              |       |       |       |       |       |     1 ||     1
  Use: Scroll            |       |       |    18 |    33 |    12 |     5 ||    68
       Potion            |       |       |     4 |     2 |    10 |     7 ||    23
 Stab: Sleeping          |    21 |    24 |    56 |   137 |   295 |    53 ||   586
       Distracted        |     1 |     2 |     1 |     6 |    14 |     2 ||    26
       Confused          |       |     4 |    33 |    31 |    69 |    13 ||   150
       Invisible         |       |     1 |       |    17 |    98 |    38 ||   154
  Eat: Fruit             |       |     3 |     3 |     2 |     4 |       ||    12
       Bread ration      |       |       |     1 |       |     2 |     1 ||     4
       Pizza             |       |       |       |     2 |       |       ||     2
       Royal jelly       |       |       |       |     1 |     6 |     1 ||     8
